 Dungeon Crawl Stone Soup version 0.20.1-1-g8b1a95d (webtiles) character file.

735 Linguinho the Ruffian (level 7, -3/67 HPs)
             Began as a Troll Monk on Nov 13, 2017.
             Slain by an orc
             ... wielding a +0 short sword
              (4 damage)
             ... on level 7 of the Dungeon.
             The game lasted 00:04:50 (3205 turns).

Linguinho the Ruffian (Troll Monk)                  Turns: 3205, Time: 00:04:51

Health: -3/67      AC:  5    Str: 22    XL:     7   Next: 45%
Magic:  6/6        EV: 11    Int:  6    God:
Gold:   275        SH:  0    Dex: 12    Spells: 6/6 levels left

rFire    . . .     SeeInvis .     - Unarmed
rCold    . . .     Gourm    +   (no shield)
rNeg     . . .     Faith    .   a - +0 robe
rPois    .         Spirit   .   (helmet restricted)
rElec    .         Reflect  .   (no cloak)
rCorr    .         Harm     .   (gloves unavailable)
MR       .....                  (boots unavailable)
Stlth    ++........             (no amulet)
Regen    0.7/turn               (no ring)
MPRegen  0.1/turn               (no ring)

@: slowed, very slow
A: unfitting armour, claws 3, fast metabolism 3, gourmand, regeneration 1,
shaggy fur 1, tough skin 2
a: no special abilities


You were on level 7 of the Dungeon.
You were near starving.

You visited 1 branch of the dungeon, and saw 5 of its levels.
You also visited: Ossuary.

You collected 275 gold pieces.

Inventory:

Armour
 a - a +0 robe (worn)
Jewellery
 d - an uncursed ring of protection from fire {unknown}
 s - an uncursed amulet of guardian spirit {unknown}
Wands
 t - a wand of confusion (25/48)
 u - a wand of confusion (23/48)
 v - a wand of acid (7/15)
Scrolls
 e - 4 scrolls of remove curse
 h - 2 scrolls of enchant weapon
 k - a scroll of fog
 l - 2 scrolls of amnesia
 r - a scroll of recharging
 x - a scroll of summoning {unknown}
 y - 2 scrolls of teleportation {unknown}
 B - 3 scrolls of identify
 C - a scroll of random uselessness {unknown}
Potions
 c - a potion of magic {unknown}
 f - 3 potions of mutation
 j - 2 potions of ambrosia {unknown}
 n - 2 potions of lignification {unknown}
 o - a potion of haste {unknown}
 p - 3 potions of curing
 q - a potion of might {unknown}
 w - a potion of berserk rage {unknown}
 z - 2 potions of agility {unknown}
 A - a potion of cancellation {unknown}
Comestibles
 b - 9 bread rations
 g - a meat ration
 i - 4 fruits
 m - 4 royal jellies


   Skills:
 + Level 3.0 Fighting
 + Level 3.6 Dodging
 + Level 2.4 Stealth
 + Level 6.9 Unarmed Combat


You had 6 spell levels left.
You didn't know any spells.

Dungeon Overview and Level Annotations

Branches:
Dungeon (7/15)             Temple (0/1) D:4

Altars:
Fedhas
Sif Muna
Zin


Innate Abilities, Weirdness & Mutations

You are too large for most types of armour.
You have claws for hands.
Your metabolism is lightning-fast.
You like to eat raw meat.
Your natural rate of healing is unusually fast.
You are covered in fur. (AC +1)
You have very tough skin. (AC +2)


Message History

The orc wizard is severely wounded.
The orc wizard casts a spell at you. The puff of flame misses you.
The orc hits you with a short sword.
* * * LOW HITPOINT WARNING * * *
The orc barely misses you.
The orc wizard points at you and mumbles some strange words.
You feel yourself slow down.
You scratch the orc wizard.
The orc wizard is almost dead.
The orc wizard hits you but does no damage.
The orc barely misses you.
The orc wizard gestures at you while chanting.
The puff of flame hits you!
* * * LOW HITPOINT WARNING * * *
The orc barely misses you.
The orc wizard hits you but does no damage.
The orc hits you with a short sword.
* * * LOW HITPOINT WARNING * * *
The orc hits you with a short sword.
You die...

....####........#..........
#...............#.#........
#'######.......####........
.......#........# #........
'#..............###........
.#.........................
.#........#....#..........#
.#........#....#..........##.
##........######@o...........
...............ooo..........#
.............................
.......#.....................
.......#..................#..
.......#.....................
.......######........).#....
.......# ####..⌠...[)..#....
.......###........#.........


You could see 2 orc wizards and 2 orcs.

Vanquished Creatures
  A spriggan (D:7)
  A wraith (Ossuary)
  A human zombie (Ossuary)
  2 orc priests
  2 orc wizards
  3 human skeletons (D:7)
  A big kobold zombie (Ossuary)
  3 mummies (Ossuary)
  6 adders
  An ooze (D:2)
  3 worms
  2 dart slugs
  6 leopard geckos
  7 orcs
  4 giant cockroaches
  5 goblins
  7 hobgoblins
  A quokka (D:3)
  4 ball pythons
  5 bats
  3 frilled lizards
  3 gnoll zombies (Ossuary)
  3 goblin zombies (Ossuary)
  3 hobgoblin zombies (Ossuary)
  5 kobolds
  A kobold zombie (Ossuary)
  An orc skeleton (D:7)
  2 orc zombies (D:7)
  A quokka skeleton (D:4)
  6 rats
93 creatures vanquished.

Notes
Turn   | Place    | Note
-------+----------+-------------------------------------------
     0 | D:1      | Linguinho the Troll Monk began the quest for the Orb.
     0 | D:1      | Reached XP level 1. HP: 22/22 MP: 0/0
   267 | D:1      | Reached XP level 2. HP: 29/29 MP: 1/1
  1009 | D:2      | Reached XP level 3. HP: 30/36 MP: 2/2
  1023 | D:2      | Found a glowing silver altar of Zin.
  1024 | D:2      | Found a deep blue altar of Sif Muna.
  1277 | D:2      | Reached XP level 4. HP: 35/44 MP: 3/3
  1366 | D:2      | Reached skill level 4 in Unarmed Combat
  1470 | D:3      | Reached XP level 5. HP: 30/50 MP: 4/4
  1649 | D:3      | Found a blossoming altar of Fedhas.
  2290 | D:4      | Found a staircase to the Ecumenical Temple.
  2421 | D:4      | You fall through a shaft for 3 floors!
  2512 | D:7      | Reached skill level 5 in Unarmed Combat
  2633 | D:7      | Reached XP level 6. HP: 50/59 MP: 5/5
  2642 | D:7      | Found a sand-covered staircase.
  2649 | Ossuary  | Entered an ossuary
  2649 | Ossuary  | Noticed a wraith
  2649 | Ossuary  | Noticed a wraith
  2649 | Ossuary  | Noticed a wraith
  2846 | Ossuary  | Noticed a wraith
  2856 | Ossuary  | Killed a wraith
  2856 | Ossuary  | Reached skill level 6 in Unarmed Combat
  2856 | Ossuary  | Reached XP level 7. HP: 17/67 MP: 6/6
  3156 | D:7      | Noticed a spriggan baker
  3159 | D:7      | Killed a spriggan baker
  3205 | D:7      | HP: 1/67 [orc/short sword (6)]
  3205 | D:7      | Slain by an orc

Skill      XL: |  1  2  3  4  5  6 |
---------------+-------------------+-----
Dodging        | 3 |  3.6
Unarmed Combat | 4 5 6 |  6.9
Stealth        | 2 |  2.4
Fighting       | 3 |  3.0

Action                   |  1- 3 |  4- 6 |  7- 9 || total
-------------------------+-------+-------+-------++-------
Melee: Unarmed           |    97 |   178 |    22 ||   297
       Punch             |     2 |     7 |       ||     9
  Use: Scroll            |       |     6 |       ||     6
       Potion            |       |       |     1 ||     1
 Stab: Sleeping          |     3 |     6 |     1 ||    10
  Eat: Chunk             |    17 |     6 |       ||    23
       Fruit             |       |       |     2 ||     2
Armor: Robe              |    34 |    46 |    12 ||    92
Dodge: Dodged            |    56 |    72 |    25 ||   153
